 Dungeon Crawl Stone Soup version 0.24.1-5-g77f818bfca (webtiles) character file.

Game seed: 6219746109076936897, levelgen mode: deterministic

2638 nightchill the Carver (level 9, -6/57 HPs)
             Began as a Vampire Berserker on Apr 24, 2020.
             Was a Priest of Trog.
             Mangled by an orc warrior
             ... wielding a +0 spear
              (8 damage)
             ... in a bailey.
             The game lasted 00:20:51 (5573 turns).

nightchill the Carver (Vampire Berserker)           Turns: 5573, Time: 00:20:52

Health: -6/57      AC: 12    Str: 17 (19) XL:     9   Next: 35%
Magic:  9/9        EV:  8    Int:  8 (10) God:    Trog [***...]
Gold:   325        SH:  0    Dex: 16 (18) Spells: 8/8 levels left

rFire    . . .     SeeInvis +   a - +0 falchion
rCold    + + .     Gourm    .   (no shield)
rNeg     + + +     Faith    .   e - +0 chain mail
rPois    ∞         Spirit   .   (no helmet)
rElec    .         Reflect  .   (no cloak)
rCorr    .         Harm     .   u - +2 pair of gloves
MR       ++...                  y - +0 pair of boots
Stlth    ..........             (no amulet)
HPRegen  1.00/turn              o - +5 ring of dexterity
MPRegen  0.11/turn              (no ring)

@: very slightly contaminated, bloodless, regenerating, invisible
A: no food, fangs 3, see invisible, unbreathing
a: Bat Form, Revivify, Berserk, Trog's Hand, Renounce Religion


You were in a bailey.
You worshipped Trog.
Trog was most pleased with you.
You were bloodless.

You visited 1 branch of the dungeon, and saw 7 of its levels.
You also visited: Bailey.

You collected 325 gold pieces.

Inventory:

Hand Weapons
 a - a +0 falchion (weapon)
 s - a +2 short sword of speed
 w - a +0 rapier of protection
Missiles
 k - 5 poisoned darts (quivered)
 m - 230 stones
 p - 33 sling bullets
Armour
 b - a +0 animal skin
 e - a +0 chain mail (worn)
 u - a +2 pair of gloves (worn)
 y - a +0 pair of boots (worn)
Jewellery
 o - a +5 ring of dexterity (left hand)
Wands
 d - a wand of polymorph (12)
 i - a wand of disintegration (10)
 z - a wand of iceblast (4)
 C - a wand of digging (11)
 D - a wand of flame (8)
Scrolls
 h - 3 scrolls of remove curse
 l - 2 scrolls of blinking
 q - a scroll of fog {unknown}
 v - a scroll of amnesia {unknown}
 A - 3 scrolls of teleportation
 E - a scroll of vulnerability {unknown}
 F - a scroll of random uselessness {unknown}
Potions
 c - a potion of resistance
 f - 2 potions of invisibility
 g - a potion of flight {unknown}
 j - a potion of degeneration {unknown}
 n - a potion of agility {unknown}
 r - a potion of haste
 x - a potion of curing
 B - a potion of cancellation {unknown}
 G - a potion of mutation {unknown}


   Skills:
 + Level 7.3 Fighting
 * Level 10.8 Long Blades
 - Level 1.5 Armour
 - Level 2.1 Dodging


You had 8 spell levels left.
You didn't know any spells.
Your spell library was empty.

Dungeon Overview and Level Annotations

Branches:
Dungeon (7/15)             Temple (0/1) D:5          Bailey (1/1)

Altars:
Fedhas
Zin

Annotations:
D:4 exclusion: downstairs


Innate Abilities, Weirdness & Mutations

You do not eat.
You do not regenerate when monsters are visible.
You are frail without blood (-20% HP).
You can heal yourself when you bite living creatures.
You are immune to poison.
You have razor-sharp teeth.
You have supernaturally acute eyesight. (SInv)
You can survive without breathing.


Message History

The orc warrior is severely wounded.
You hit the orc warrior.
You bite the orc warrior, but do no damage.
The orc warrior is severely wounded.
The orc warrior closely misses you.
You hit the orc warrior but do no damage.
Your bite misses the orc warrior.
The orc warrior is severely wounded.
The orc warrior hits you with a +0 spear.
* * * LOW HITPOINT WARNING * * *
You closely miss the orc warrior. Your bite misses the orc warrior.
The orc warrior is severely wounded.
You feel the effects of Trog's Hand fading.
The orc warrior hits you with a +0 spear.
* * * LOW HITPOINT WARNING * * *
You strike the helpless orc warrior from behind!
You hit the orc warrior but do no damage.
The orc warrior is severely wounded.
The orc warrior hits you from afar with a +0 spear!
You die...

## #.. #..≈
#..≈≈
##########..≈≈.
#..........≈≈..
#.≈≈≈≈≈≈≈≈≈≈..#
#.≈.@.o......#
#.≈)##########
#.≈.## #.≈..##
#.≈≈..##
##.≈≈..#
#∩.≈≈..#
#.≈≈..##
#.≈..##


You could see an orc warrior.

Vanquished Creatures
  Pikel (D:6)
  Prince Ribbit (D:6)
  A hippogriff (D:5)
  Eustachio (D:4)
  Menkaure (D:6)
  An orc warrior (D:5)
  A phantom (D:4)
  3 ogres
  2 centaurs (D:5)
  Blork the orc (D:6)
  2 bullfrogs (D:6)
  A howler monkey (D:5)
  A bullfrog zombie (D:5)
  2 crimson imps
  A quasit (D:5)
  A jelly (D:6)
  2 orc priests (D:4)
  A hound (D:5)
  2 orc wizards
  2 bullfrog skeletons
  A centaur skeleton (D:4)
  3 iguanas (D:5)
  3 worker ants
  A hound zombie (D:5)
  6 adders
  An ooze (D:1)
  5 worms
  2 leopard geckos (D:1)
  24 orcs
  6 giant cockroaches
  5 hobgoblins
  10 jackals
  4 quokkas
  A ball python (D:4)
  9 bats
  7 frilled lizards
  10 goblins
  8 kobolds
  A quokka zombie (D:4)
  7 rats
142 creatures vanquished.

Notes
Turn   | Place    | Note
-------+----------+-------------------------------------------
     0 | D:1      | nightchill the Vampire Berserker began the quest for the
                  | Orb.
     0 | D:1      | Reached XP level 1. HP: 17/17 MP: 1/1
   119 | D:1      | Reached XP level 2. HP: 15/23 MP: 2/2
   307 | D:1      | Reached ** piety under Trog
   307 | D:1      | Reached XP level 3. HP: 24/29 MP: 3/3
   471 | D:1      | Reached skill level 4 in Long Blades
  1237 | D:3      | Reached XP level 4. HP: 32/35 MP: 4/4
  1918 | D:4      | Reached skill level 5 in Long Blades
  1922 | D:4      | Reached XP level 5. HP: 39/42 MP: 5/5
  1989 | D:4      | Found a blossoming altar of Fedhas.
  2245 | D:4      | Noticed Eustachio
  2405 | D:4      | Killed Eustachio
  2405 | D:4      | Reached skill level 6 in Long Blades
  2405 | D:4      | Reached XP level 6. HP: 48/48 MP: 6/6
  2954 | D:5      | Entered Level 5 of the Dungeon
  3082 | D:5      | Reached XP level 7. HP: 50/55 MP: 7/7
  3121 | D:4      | Reached skill level 7 in Long Blades
  3147 | D:5      | Reached skill level 5 in Fighting
  3652 | D:5      | Found a staircase to the Ecumenical Temple.
  3736 | D:5      | Reached *** piety under Trog
  3736 | D:5      | Reached skill level 8 in Long Blades
  3758 | D:5      | Noticed a hippogriff
  3766 | D:5      | Killed a hippogriff
  3766 | D:5      | Reached XP level 8. HP: 64/64 MP: 8/8
  4045 | D:6      | Reached skill level 9 in Long Blades
  4050 | D:6      | Found a glowing silver altar of Zin.
  4096 | D:6      | Noticed Blork the orc
  4109 | D:6      | Killed Blork the orc
  4924 | D:6      | Noticed Menkaure
  4928 | D:6      | Killed Menkaure
  5028 | D:6      | Noticed Prince Ribbit
  5052 | D:6      | Killed Prince Ribbit
  5052 | D:6      | Reached skill level 10 in Long Blades
  5052 | D:6      | Reached XP level 9. HP: 41/71 MP: 9/9
  5232 | D:6      | Noticed Pikel
  5246 | D:6      | Killed Pikel
  5437 | D:7      | Found a flagged portal.
  5444 | Bailey   | Entered a bailey
  5571 | Bailey   | HP: 1/57 [orc warrior/+0 spear (6)]
  5573 | Bailey   | Mangled by an orc warrior

Levels and vault maps discovered:
D:1:      kilobyte_arrival_exit_the_forest, layout_rooms
D:2:      layout_rooms, first_ration
D:3:      layout_rooms
D:4:      layout_basic, fedhas_altar_2, uniq_eustachio
D:5:      layout_cave_pools, minmay_temple_entry_wispy
D:6:      layout_gridville, zin_academy, uniq_prince_ribbit1, uniq_pikel,
          uniq_menkaure, uniq_blork_the_orc
D:7:      layout_loops_cross, enter_bailey_3
Bailey:   bailey_polearm_1, bailey

Skill      XL: |  1  2  3  4  5  6  7  8  9 |
---------------+----------------------------+-----
Fighting       | 3 4 5 6 7 |  7.3
Long Blades    | 4 5 6 8 10 | 10.8
Armour         | |  1.5
Dodging        | |  2.1

Action                   |  1- 3 |  4- 6 |  7- 9 || total
-------------------------+-------+-------+-------++-------
Melee: Falchion          |   131 |     1 |   209 ||   341
       Bite              |    10 |    30 |    37 ||    77
       Short sword       |       |   212 |    41 ||   253
Throw: Dart              |       |     3 |     2 ||     5
Invok: Berserk           |       |     4 |    11 ||    15
       Trog's Hand       |       |     7 |     5 ||    12
 Abil: End Transformatio |       |       |     1 ||     1
       Bat Form          |       |       |     1 ||     1
       Exsanguinate      |       |       |     1 ||     1
Evoke: Wand              |       |     1 |     1 ||     2
  Use: Scroll            |       |       |     8 ||     8
       Potion            |       |       |     1 ||     1
 Stab: Invisible         |       |       |     1 ||     1
Armor: Animal skin       |     7 |       |       ||     7
       Chain mail        |    95 |   160 |    92 ||   347
Dodge: Dodged            |    73 |   110 |    93 ||   276
       Rpst.: Falchion   |    25 |     1 |    18 ||    44
